 Dungeon Crawl Stone Soup version 0.31-a0-214-gb37851dbb3 (webtiles) character file.

Game seed: 889485282063722753

499 qw the Shooter (level 7, -9/43 HPs)
             Began as a Gargoyle Hexslinger on July 1, 2023.
             Mangled by an orc warrior
             ... wielding a +0 long sword
              (13 damage)
             ... on level 6 of the Dungeon.
             The game lasted 00:01:36 (3121 turns).

qw the Shooter (Gargoyle Hexslinger)                Turns: 3121, Time: 00:01:36

Health: -9/43      AC: 15    Str: 11    XL:     7   Next: 16%
Magic:  8/8        EV: 11    Int: 14    God:
Gold:   164        SH:  0    Dex: 14    Spells: 7/8 levels left

rFire   . . .        Y - +1 sling
rCold   . . .        (no shield)
rNeg    + . .        c - +2 leather armour {Will+}
rPois   inf          (no helmet)
rElec   +            (no cloak)
rCorr   .            e - +0 pair of gloves
SInv    .            (no boots)
Will    +....        (no amulet)
Stlth   +            a - +4 ring of protection
HPRegen 0.27/turn    (no ring)
MPRegen 0.11/turn

%: no passive effects
@: no status effects
A: sickness immunity, AC +4, negative energy resistance 1, electricity
resistance, torment resistance 1, petrification resistance
a: no special abilities


You were on level 6 of the Dungeon.
You visited 1 branch of the dungeon, and saw 5 of its levels.

You collected 164 gold pieces.


Innate Abilities, Weirdness & Mutations

You are immune to sickness and miasma.
Your stone body is resilient. (AC +4)
You are immune to poison.
You resist negative energy. (rN+)
You are resistant to electric shocks. (rElec)
You are resistant to unholy torment.
You are immune to petrification.


   Skills:
 - Level 4.3 Fighting
 + Level 6.1 Ranged Weapons
 - Level 1.7 Armour
 - Level 1.5 Dodging
 - Level 1.0 Spellcasting
 - Level 2.6 Hexes


You had 7 spell levels left.
You knew the following spells:

 Your Spells              Type           Power      Damage    Failure   Level
a - Slow                  Hex            32%        N/A       12%         1

Your spell library contained the following spells:

 Spells                   Type           Power      Damage    Failure   Level
 Inner Flame              Hex/Fire       4%         N/A       52%         3
 Portal Projectile        Hex/Tloc       8%         N/A       52%         3
 Cause Fear               Hex            4%         N/A       75%         4

Inventory:

Hand Weapons
 Y - a +1 sling (weapon)
Armour
 c - a +2 leather armour of willpower (worn)
 e - a +0 pair of gloves (worn)
Jewellery
 a - a +4 ring of protection (left hand)
 f - a ring of see invisible
Scrolls
 b - a scroll of identify
Potions
 d - a potion of curing {unknown}
 i - 2 potions of enlightenment
 j - a potion of degeneration {unknown}

Dungeon Overview and Level Annotations

Branches:
Dungeon (4/15)
 Temple: D:4-7

Altars:
Kikubaaqudgha


Message History

You shoot a sling bullet. The sling bullet hits the phantom.
The phantom is severely damaged.
The phantom hits you.
You shoot a sling bullet. The sling bullet hits the phantom.
The phantom is almost destroyed.
The phantom hits you but does no damage.
You shoot a sling bullet. The sling bullet hits the phantom.
You destroy the phantom!
Your Fighting skill increases to level 4!
You have reached level 7!
You shoot a sling bullet.
The sling bullet barely misses the orc warrior.
The orc warrior barely misses you.
You shoot a sling bullet.
The sling bullet closely misses the orc warrior.
The orc warrior closely misses you.
You shoot a sling bullet. The sling bullet hits the orc warrior.
The orc warrior is heavily wounded.
The orc warrior hits you with a +0 long sword!
The orc warrior hits you with a +0 long sword.
You shoot a sling bullet.
The sling bullet hits the orc warrior but does no damage.
The orc warrior is heavily wounded.
The orc warrior closely misses you.
You shoot a sling bullet.
The sling bullet hits the orc warrior but does no damage.
The orc warrior is heavily wounded.
The orc warrior hits you but does no damage.
You shoot a sling bullet.
The sling bullet hits the orc warrior but does no damage.
The orc warrior is heavily wounded.
The orc warrior closely misses you.
You shoot a sling bullet.
The sling bullet barely misses the orc warrior.
The orc warrior hits you with a +0 long sword!
You shoot a sling bullet.
The sling bullet hits the orc warrior but does no damage.
The orc warrior is heavily wounded.
The orc warrior hits you with a +0 long sword!
You die...

##...## # ##+## # #.# #
#.########## .##
##.........## ..?
##...######.## ..
#.....# #>##
##.######(..######.##
#...@o...)...........
......#######..######.##
#.### #..######.#
#.........# #.#########
#.# #.# #.# #.#


You could see an orc warrior.

Vanquished Creatures
  Grinder (D:3)
  A phantom (D:6)
  A hound (D:4)
  Ijyb (D:2)
  Jessica (D:3)
  A sleepcap (D:4)
  4 adders
  2 worms (D:3)
  2 dart slugs
  4 orcs
  5 ball pythons
  6 endoplasms
  4 giant cockroaches
  9 goblins
  7 hobgoblins
  3 jackals (D:3)
  7 kobolds
  2 quokkas (D:1)
  8 bats
  5 frilled lizards (D:1)
  6 rats
80 creatures vanquished.

Notes
Turn   | Place    | Note
-------+----------+-------------------------------------------
     0 | D:1      | qw the Gargoyle Hexslinger began the quest for the Orb.
     0 | D:1      | Reached XP level 1. HP: 12/12 MP: 2/2
     0 | D:1      | 0 ||| qw: Version: 0.3-a-32-g5962c71
     0 | D:1      | 0 ||| qw: Game counter: 7530
     0 | D:1      | 0 ||| qw: Melee chars always use a shield: true
     0 | D:1      | 0 ||| qw: God list: Okawaru
     0 | D:1      | 0 ||| qw: Allow faded altars: false
     0 | D:1      | 0 ||| qw: Do Orc after clearing Dungeon:15 true
     0 | D:1      | 0 ||| qw: Do second Lair branch before Depths: true
     0 | D:1      | 0 ||| qw: Lair rune preference: random
     0 | D:1      | 0 ||| qw: Goals: Normal
     0 | D:1      | 0 ||| PLANNING D:1-11
    98 | D:1      | Reached XP level 2. HP: 16/16 MP: 3/3
   304 | D:1      | Reached skill level 3 in Ranged Weapons
   344 | D:1      | Found a faded altar of an unknown god.
   415 | D:1      | Reached XP level 3. HP: 21/21 MP: 4/4
   677 | D:1      | 677 ||| UPGRADING to +0 leather armour.
   687 | D:1      | 687 ||| DROPPING +0 robe.
   688 | D:1      | 688 ||| UPGRADING to +0 pair of gloves.
   693 | D:1      | 693 ||| READING scroll labelled JAOZIR ARENT.
   694 | D:1      | 694 ||| READING scroll labelled EHUESCH VASHIXT.
   695 | D:1      | 695 ||| READING scroll labelled UNKUIBO COAHI.
   696 | D:1      | 696 ||| DROPPING scroll of poison.
  1058 | D:2      | Reached XP level 4. HP: 26/26 MP: 5/5
  1507 | D:2      | 1507 ||| UPGRADING to +0 ring mail.
  1517 | D:2      | 1517 ||| DROPPING +0 leather armour.
  1518 | D:2      | 1518 ||| UPGRADING to +4 ring of protection.
  1519 | D:2      | 1519 ||| READING scroll labelled HEDENA CENE.
  1520 | D:2      | 1520 ||| READING 2 scrolls of identify.
  1520 | D:2      | 1520 ||| IDENTIFYING glowing clear potion
  1528 | D:3      | Noticed Ijyb
  1530 | D:3      | 1530 ||| STAIRDANCE
  1550 | D:3      | 1550 ||| STAIRDANCE
  1606 | D:3      | 1606 ||| STAIRDANCE
  1679 | D:3      | 1679 ||| STAIRDANCE
  1698 | D:2      | HP: 4/26 [Ijyb/+0 club (5)]
  1699 | D:2      | 1699 ||| DRINKING potion of heal wounds.
  1722 | D:2      | Killed Ijyb
  1723 | D:2      | Reached skill level 1 in Armour
  1743 | D:2      | Reached skill level 4 in Ranged Weapons
  1804 | D:2      | 1804 ||| UPGRADING to +2 leather armour of willpower.
  1814 | D:2      | 1814 ||| DROPPING +0 ring mail.
  1896 | D:3      | Reached XP level 5. HP: 26/30 MP: 6/6
  2096 | D:3      | Noticed Grinder
  2097 | D:3      | 2097 ||| Stepping ~*~*~tactically~*~*~ (outnumbered).
  2132 | D:3      | Killed Grinder
  2133 | D:3      | Reached skill level 6 in Ranged Weapons
  2133 | D:3      | Reached XP level 6. HP: 15/35 MP: 7/7
  2295 | D:3      | Noticed Jessica
  2301 | D:3      | Killed Jessica
  2302 | D:3      | 2302 ||| FLEEEEING.
  2303 | D:3      | 2303 ||| FLEEEEING.
  2304 | D:3      | 2304 ||| FLEEEEING.
  2306 | D:3      | 2306 ||| FLEEEEING.
  2307 | D:3      | 2307 ||| FLEEEEING.
  2308 | D:3      | 2308 ||| FLEEEEING.
  2309 | D:3      | 2309 ||| FLEEEEING.
  2310 | D:3      | 2310 ||| FLEEEEING.
  2311 | D:3      | 2311 ||| FLEEEEING.
  2312 | D:3      | 2312 ||| FLEEEEING.
  2313 | D:3      | 2313 ||| FLEEEEING.
  2317 | D:3      | 2317 ||| FLEEEEING.
  2318 | D:3      | 2318 ||| FLEEEEING.
  2319 | D:3      | 2319 ||| FLEEEEING.
  2320 | D:3      | 2320 ||| FLEEEEING.
  2321 | D:3      | 2321 ||| FLEEEEING.
  2322 | D:3      | 2322 ||| FLEEEEING.
  2323 | D:3      | 2323 ||| FLEEEEING.
  2326 | D:3      | 2326 ||| FLEEEEING.
  2327 | D:3      | 2327 ||| FLEEEEING.
  2329 | D:3      | 2329 ||| FLEEEEING.
  2616 | D:3      | Found an ancient bone altar of Kikubaaqudgha.
  2804 | D:3      | 2804 ||| READING scroll labelled YJOMPET FUITHRE.
  2829 | D:3      | 2829 ||| DRINKING 3 purple potions.
  2830 | D:3      | 2830 ||| READING 2 scrolls of identify.
  2830 | D:3      | 2830 ||| IDENTIFYING fizzy black potion
  2831 | D:3      | 2831 ||| DROPPING potion of ambrosia.
  2878 | D:4      | Reached skill level 3 in Fighting
  2986 | D:4      | You fall into a shaft and drop 2 floors!
  3078 | D:6      | Noticed an orc warrior
  3114 | D:6      | Reached XP level 7. HP: 19/43 MP: 8/8
  3116 | D:6      | HP: 10/43 [orc warrior/+0 long sword (2)]
  3120 | D:6      | HP: 4/43 [orc warrior/+0 long sword (7)]
  3121 | D:6      | Mangled by an orc warrior

Levels and vault maps discovered:
D:1:      dpeg_arrival_rhombi, layout_basic, shapermc_ecumenical_altar_petra
D:2:      layout_basic
D:3:      layout_basic, general_overflow_altar, ebering_dispersal_statue_hall,
          minmay_misc_feat_roman, chequers_serial_rivers_room_a, uniq_grinder,
          uniq_jessica, uniq_ijyb
D:4:      layout_loops_cross, st_stairs_6
D:6:      layout_loops_corners, mainiacjoe_overflow_small_starburst,
          nemelex_xobeh_ov_fountains_minmay

Skill      XL: |  1  2  3  4  5  6 |
---------------+-------------------+-----
Ranged Weapons | 3 4 6 |  6.1
Fighting       | 2 4 |  4.3
Armour         | 1 |  1.7
Dodging        | |  1.5
Spellcasting   | |  1.0
Hexes          | |  2.6

Action                     |  1- 3 |  4- 6 |  7- 9 || total
---------------------------+-------+-------+-------++-------
   Fire: Sling             |   131 |   300 |     8 ||   439
    Use: Scroll            |     3 |     4 |       ||     7
         Potion            |       |     2 |       ||     2
 Armour: Robe              |     5 |       |       ||     5
         Leather armour    |    13 |    58 |     1 ||    72
         Ring mail         |       |   105 |       ||   105
  Dodge: Dodged            |    41 |   142 |     4 ||   187

Table legend:
 A = Non-vault XP
 B = Vault XP
 C = Vault XP percentage of total XP
 D = Non-vault monster count
 E = Vault monster count
 F = Vault count percentage of total count
                 A         B        C        D         E       F
            +---------+---------+-------+---------+---------+-------
      Total |     366 |     347 |  48.7 |      77 |       3 |   3.8
            +---------+---------+-------+---------+---------+-------
        D:1 |      43 |       0 |   0.0 |      27 |       0 |   0.0
        D:2 |      68 |      38 |  35.8 |      25 |       1 |   3.8
        D:3 |      51 |     309 |  85.8 |      17 |       2 |  10.5
        D:4 |      95 |       0 |   0.0 |       5 |       0 |   0.0
        D:6 |     109 |       0 |   0.0 |       3 |       0 |   0.0
            +---------+---------+-------+---------+---------+-------
